[Event "Titled Tuesday Blitz August 16 Early 2022"]
[White "Taboas Rodriguez, Daniel"]
[Black "McBryde, Lamel"]
[WhiteFideId "2208466"]
[BlackFideId "2058596"]
[WhiteElo "2359"]
[BlackElo "1861"]
[Result "1-0"]
[Round "08"]
[TimeControl "180+2"]
[Date "2022.08.18"]
[WhiteClock "0:00:00"]
[BlackClock "0:00:00"]

1. d4 Nf6 2. Nf3 d6 3. c4 g6 4. Nc3 Bg7 5. e4 O-O 6. Be2 e5 7. dxe5 dxe5 8. Qxd8 Rxd8 9. Bg5 c6 10. Nxe5 Re8 11. O-O-O Na6 12. Rd6 Nxe4 13. Nxe4 Bxe5 14. Nf6+ Bxf6 15. Bxf6 Bf5 16. Kd2 Nc5 17. f3 Nd7 18. Bc3 Rad8 19. Rd1 Nc5 20. Rxd8 Rxd8+ 21. Ke3 Re8+ 22. Kf2 h5 23. h3 Ne6 24. g4 Nf4 25. Bf1 Bc8 26. Rd4 Ne6 27. Re4 hxg4 28. hxg4 Rd8 29. Re1 Nf4 30. Kg3 g5 31. Bf6 1-0


[Site "https://www.chess.com"]

[Event "Titled Tuesday Blitz August 16 Early 2022"]
[White "Tasev, Dejan"]
[Black "Zherebtsova, Alexandra"]
[WhiteFideId "936618"]
[BlackFideId "24129518"]
[WhiteElo "2253"]
[BlackElo "2025"]
[Result "1-0"]
[Round "08"]
[TimeControl "180+2"]
[Date "2022.08.18"]
[WhiteClock "0:00:00"]
[BlackClock "0:00:00"]

1. e4 e5 2. Nf3 Nc6 3. Bb5 a6 4. Ba4 Nf6 5. O-O Be7 6. Re1 b5 7. Bb3 d6 8. c3 O-O 9. h3 Bb7 10. d4 Re8 11. Nbd2 Bf8 12. Bc2 g6 13. d5 Nb8 14. b3 c6 15. c4 Nbd7 16. a4 h6 17. Nf1 Nc5 18. Ng3 bxc4 19. bxc4 cxd5 20. cxd5 a5 21. Rb1 Ba6 22. Be3 Rc8 23. Qd2 Kh7 24. Nh2 Bg7 25. Ng4 Nxg4 26. hxg4 Qd7 27. Qxa5 Ra8 28. Bxc5 dxc5 29. Qd2 Qxg4 30. Bd1 Qd7 31. Qe3 Rec8 32. Bc2 c4 33. Ne2 Bf8 34. Nc3 Bc5 35. Qg3 f6 36. Kh2 Rcb8 37. Nb5 Bxb5 38. axb5 Rxb5 39. Rxb5 Qxb5 40. f4 Bd4 41. f5 g5 42. Qg4 Rg8 43. Qh5 Qd7 44. Rb1 c3 45. Qe2 Rg7 46. Qa6 Qc7 47. Qxf6 Be3 48. Qe6 Bf4+ 49. Kh1 Qc4 50. f6 Rc7 51. Qf5+ Kg8 52. Rb8+ 1-0


[Site "https://www.chess.com"]

[Event "Titled Tuesday Blitz August 16 Early 2022"]
[White "Taspinar, Yanki"]
[Black "Demin, Vladimir"]
[WhiteFideId "34561188"]
[BlackFideId "4167457"]
[WhiteElo "1549"]
[BlackElo "2430"]
[Result "1/2-1/2"]
[Round "08"]
[TimeControl "180+2"]
[Date "2022.08.18"]
[WhiteClock "0:00:00"]
[BlackClock "0:00:00"]

1. Nf3 d5 2. d4 Nf6 3. g3 e6 4. Bg2 b5 5. O-O Be7 6. a4 b4 7. c4 bxc3 8. bxc3 Ba6 9. Na3 O-O 10. Ne5 c5 11. Nb5 cxd4 12. cxd4 Nfd7 13. e4 Nxe5 14. dxe5 d4 15. f4 Nc6 16. Rf2 Bc5 17. Rd2 Qe7 18. Bb2 Rfd8 19. Kh1 Bb4 20. Nxd4 Qb7 21. Rc2 Rxd4 22. Bxd4 Rd8 23. Rxc6 Qxc6 24. Qg1 Qc2 25. Rc1 Qxa4 26. Bxa7 h6 27. Bc5 Bd2 28. Rd1 Be2 29. Rb1 Bd3 30. Rd1 Bxe4 31. Bxe4 Qxe4+ 32. Qg2 Qc2 33. Qe2 Qxc5 34. Kg2 Qd5+ 35. Qf3 Qxf3+ 36. Kxf3 Ba5 37. Ra1 Bb4 38. Ra4 Bf8 39. Ra7 g6 40. h3 h5 41. Ke4 Rd1 42. g4 h4 43. f5 Rh1 44. fxe6 fxe6 45. Kf4 Bh6+ 46. g5 Bg7 47. Kg4 Re1 48. Kxh4 Rxe5 49. Kg4 Re4+ 50. Kg3 Rb4 51. h4 Kh7 52. Re7 e5 53. Kh3 Kg8 54. Kg3 Ra4 55. Rb7 e4 56. Kf4 e3+ 57. Kxe3 Rxh4 58. Kf3 Ra4 59. Rb8+ Kh7 60. Rb7 Rc4 61. Kg3 Rc8 62. Kg4 Kg8 63. Rb6 Kh7 64. Rb7 Rf8 65. Kg3 Kg8 66. Rb6 Kh7 67. Kg4 Re8 68. Rb7 Kg8 69. Rb6 Kf7 70. Rb7+ Re7 71. Rb6 Be5 72. Rc6 Bg7 73. Rb6 Re4+ 74. Kf3 Re7 75. Kg4 1/2-1/2


[Site "https://www.chess.com"]

[Event "Titled Tuesday Blitz August 16 Early 2022"]
[White "Timofeev, Artyom"]
[Black "Nakamura, Hikaru"]
[WhiteFideId "4140419"]
[BlackFideId "2016192"]
[WhiteElo "2578"]
[BlackElo "2850"]
[Result "1/2-1/2"]
[Round "08"]
[TimeControl "180+1"]
[Date "2022.08.16"]
[WhiteClock "0:00:55"]
[BlackClock "0:00:02"]

1. e4 c6 2. Nf3 d5 3. d3 Bg4 4. h3 Bxf3 5. Qxf3 e6 6. Nd2 g6 7. c3 Bg7 8. d4 Nf6 9. Be2 dxe4 10. Nxe4 Nxe4 11. Qxe4 Nd7 12. O-O O-O 13. Bf4 a5 14. Rad1 Re8 15. Qf3 Qb6 16. Rd2 a4 17. a3 Qa5 18. Rfd1 Rac8 19. Bd6 Qd5 20. Bb4 Nb6 21. Bc5 Qxf3 22. Bxf3 Nc4 23. Rc2 Bf8 24. Be2 Na5 25. Bb4 Ra8 26. Bxa5 Rxa5 27. g3 Rd8 28. Kg2 Bg7 29. h4 Kf8 30. Bf3 Ke7 31. Re2 Rb5 32. Red2 Kf8 33. Be2 Rbd5 34. Rd3 Ke7 35. Kf1 Kd6 36. Rf3 Ke7 37. Rfd3 Kd6 38. Rf3 Rd7 39. Bd3 Kc7 40. Bc2 b5 41. Be4 R5d6 42. Re1 Kb6 43. Bc2 c5 44. dxc5+ Kxc5 45. Rfe3 e5 46. g4 Kb6 47. Re4 Ka5 48. R4e3 Bf6 49. g5 Bg7 50. Rf3 f5 51. gxf6 Bxf6 52. Re4 Rc6 53. Ke2 h5 54. Rd3 Rxd3 55. Bxd3 Rc5 56. Rb4 g5 57. hxg5 Bxg5 58. c4 bxc4 59. Rxc4 Rb5 60. Rc2 Rd5 61. Be4 Rd4 62. Rc5+ Kb6 63. Rxe5 Bf4 64. Re6+ Ka7 65. Bd3 Bc1 66. Re4 Rxe4+ 67. Bxe4 Kb6 68. Bc2 Bxb2 69. Bxa4 Bxa3 70. Bd7 Be7 71. Be8 h4 72. Bd7 Kc5 73. Bh3 Kd6 74. Kf3 Ke5 75. Kg2 Kf4 76. Bc8 Bc5 77. Bh3 Bb6 78. Bc8 Bc5 79. Bh3 Bb6 80. Bc8 Ba5 81. Bh3 Bc7 82. Bc8 Bd8 83. Bh3 Bg5 84. Bc8 Bh6 85. Bh3 Kg5 86. Bc8 Bf8 87. Bh3 Bb4 88. Bc8 Ba5 89. Bh3 Bb6 90. Bc8 Ba7 91. Bh3 Bb8 92. Bc8 Bf4 93. Bh3 Bd2 94. Bc8 Ba5 95. Bh3 Kf4 96. Bc8 Bd2 97. Bh3 Bc1 98. Bc8 Bb2 99. Bh3 Bd4 100. Bc8 Bg7 101. Bh3 Bf8 102. Bc8 Be7 103. Bh3 Ba3 104. Bc8 Bb2 105. Bh3 Ba1 106. Bc8 Bd4 107. Bh3 Bc5 108. Bc8 Ke4 109. Bh3 Kd3 110. Bg4 Be7 111. f4 Ke4 112. f5 Kf4 113. Bh3 Bf6 114. Kh2 Kf3 115. Bg2+ Kg4 116. Bh3+ Kf4 117. Kg2 Ke3 118. Bg4 Ke4 119. Kh3 Kf4 120. Bh5 Kxf5 121. Bg4+ Ke5 122. Bh5 Kd6 123. Bg4 Bd8 124. Bh5 Kc7 125. Bg4 Kb8 126. Bh5 Ka7 127. Bg4 Kb6 128. Bh5 Ka5 129. Bg4 Kb4 130. Bh5 Ka3 131. Bg4 Kb2 132. Bh5 Ka1 133. Bg4 Kb1 134. Bh5 Kc1 135. Bg4 Kd2 136. Bh5 Ke1 137. Bg4 Kf2 138. Bh5 Ke3 139. Bg4 Kf4 140. Bc8 Kg5 141. Bd7 Kh6 142. Bc8 Kg7 143. Bd7 Kg8 144. Bc8 Bf6 145. Bd7 Kf8 146. Bc8 Ke7 147. Bg4 Kd8 148. Bh5 Bg5 149. Bg4 Kc7 150. Bh5 Kb8 151. Bg4 Bd8 152. Bh5 Ka8 153. Bg4 Bf6 154. Bh5 Ka7 155. Bg4 Kb6 156. Bh5 Ka5 157. Bg4 Kb4 158. Bh5 Kc5 159. Bg4 Bg5 160. Bh5 Kc4 161. Bg4 Kc3 162. Bh5 Kd2 163. Bg4 Ke3 164. Bh5 Ke4 165. Bg4 Bd8 166. Bh5 Kd4 167. Bg4 Kd5 168. Bh5 Kd6 169. Bg4 Kc7 170. Bh5 Kb8 1/2-1/2


[Site "https://www.chess.com"]

[Event "Titled Tuesday Blitz August 16 Early 2022"]
[White "Tologon tegin, Semetei"]
[Black "Girinath, P.D.S."]
[WhiteFideId "13800574"]
[BlackFideId "5000572"]
[WhiteElo "2174"]
[BlackElo "2369"]
[Result "1-0"]
[Round "08"]
[TimeControl "180+2"]
[Date "2022.08.18"]
[WhiteClock "0:00:00"]
[BlackClock "0:00:00"]

1. g3 e5 2. Bg2 d5 3. d3 Nf6 4. Nf3 Nc6 5. a3 a5 6. Bg5 Be6 7. Nfd2 Bc5 8. O-O h6 9. Bxf6 gxf6 10. Nc3 Ne7 11. e4 c6 12. exd5 cxd5 13. Nf3 Nc6 14. Nb5 Qb6 15. a4 d4 16. Nh4 f5 17. Qh5 f4 18. Rae1 O-O-O 19. Nf3 Rdg8 20. Bh3 Bb4 21. Re2 Bxh3 22. Qxh3+ Kb8 23. Nxe5 Nxe5 24. Rxe5 Qc6 25. Qh5 f6 26. Re4 Rg5 27. Qf3 Rhg8 28. Rxf4 Qxc2 29. Rxf6 Qxb2 30. Qf4+ Ka8 31. Ra6+ bxa6 32. Qe4+ Kb8 33. Qf4+ Kb7 34. Qf7+ Kc6 35. Qe6+ Kc5 36. Qd6# 1-0


[Site "https://www.chess.com"]

[Event "Titled Tuesday Blitz August 16 Early 2022"]
[White "Vakhlamov, Igor L."]
[Black "Vrbljanac, Aleksandar"]
[WhiteFideId "24126748"]
[BlackFideId "932817"]
[WhiteElo "2401"]
[BlackElo "2309"]
[Result "1-0"]
[Round "08"]
[TimeControl "180+1"]
[Date "2022.08.16"]
[WhiteClock "0:02:32"]
[BlackClock "0:01:12"]

1. e4 e5 2. Nf3 Nc6 3. Nc3 Nf6 4. Bb5 Bb4 5. Nd5 Be7 6. Nxe7 Qxe7 7. O-O O-O 8. Re1 d6 9. h3 a6 10. Bf1 h6 11. c3 b5 12. a4 Bb7 13. axb5 axb5 14. Rxa8 Rxa8 15. Bxb5 Nd8 16. d3 Ne6 17. Bc4 Nf4 18. Bxf4 exf4 19. e5 Bxf3 20. exf6 Bxd1 21. fxe7 Ba4 22. Ra1 d5 23. Rxa4 1-0


[Site "https://www.chess.com"]

[Event "Titled Tuesday Blitz August 16 Early 2022"]
[White "Veiga, Jose Francisco R P Neves"]
[Black "Shapiro, Daniel"]
[WhiteFideId "1930087"]
[BlackFideId "2001780"]
[WhiteElo "2378"]
[BlackElo "2284"]
[Result "1-0"]
[Round "08"]
[TimeControl "180+2"]
[Date "2022.08.18"]
[WhiteClock "0:00:00"]
[BlackClock "0:00:00"]

1. e4 c5 2. Nf3 e6 3. d4 cxd4 4. Nxd4 a6 5. Bd3 g6 6. O-O Bg7 7. Nb3 Ne7 8. c4 Nbc6 9. Nc3 b6 10. Be3 O-O 11. Rc1 d5 12. cxd5 exd5 13. exd5 Nb4 14. Be4 Ra7 15. d6 Nf5 16. Bf4 Bb7 17. a3 Bxc3 18. Bxb7 Bxb2 19. Rc8 Qd7 20. Rxf8+ Kxf8 21. Bf3 Bxa3 22. Qa1 Qa4 23. Qh8# 1-0


[Site "https://www.chess.com"]

[Event "Titled Tuesday Blitz August 16 Early 2022"]
[White "Vlassov, Nikolai"]
[Black "Grandelius, Nils"]
[WhiteFideId "4103360"]
[BlackFideId "1710400"]
[WhiteElo "2324"]
[BlackElo "2617"]
[Result "0-1"]
[Round "08"]
[TimeControl "180+1"]
[Date "2022.08.16"]
[WhiteClock "0:00:05"]
[BlackClock "0:00:03"]

1. e4 c5 2. c3 d5 3. exd5 Nf6 4. d4 cxd4 5. Qxd4 Nxd5 6. Bc4 e6 7. Bxd5 exd5 8. Nf3 Nc6 9. Qd3 Be7 10. O-O O-O 11. Be3 Bg4 12. Nbd2 Bh5 13. Nd4 Bg6 14. Qb5 Qd7 15. Rfe1 Bd6 16. Nf1 a6 17. Qb3 Na5 18. Qd1 Nc4 19. Bc1 Rfe8 20. Ne3 Bc5 21. b3 Ne5 22. a4 Rac8 23. Bd2 Nd3 24. Rf1 Bxd4 25. cxd4 h5 26. Qf3 Re4 27. Rad1 Rxd4 28. Qg3 h4 29. Qf3 Ne5 30. Qe2 Bd3 31. Qh5 Bxf1 32. Qxe5 Re4 33. Qf5 Qxf5 34. Nxf5 Be2 35. Re1 Bg4 36. Ne7+ Rxe7 37. Rxe7 Rc2 38. f3 Be6 39. Be3 Rc3 40. Bg5 h3 41. b4 Rb3 42. gxh3 Rxb4 43. h4 Rxa4 44. Rxb7 Ra2 45. h5 d4 46. h6 d3 47. Rb8+ Kh7 48. hxg7 Kxg7 49. Rd8 Bc4 50. h4 f6 51. Bf4 Bb5 52. h5 Ra4 53. Be3 Rh4 54. h6+ Kg6 55. Kg2 Rh5 56. Kg3 a5 57. Rb8 a4 58. Rb6 a3 59. Bd4 a2 60. Rxf6+ Kh7 61. Rf7+ Kxh6 62. Ra7 d2 63. Be3+ Kg6 64. Bxd2 Bc4 65. Bc3 Rb5 66. Ra4 Be6 67. Kf4 Kf7 68. Ra7+ Ke8 69. Ra8+ Kd7 70. Ra7+ Ke8 71. Ra5 Rxa5 72. Ba1 Rb5 0-1


[Site "https://www.chess.com"]

[Event "Titled Tuesday Blitz August 16 Early 2022"]
[White "Weetik, Vjacheslav"]
[Black "Danielyan, Vahe"]
[WhiteFideId "4153472"]
[BlackFideId "13304828"]
[WhiteElo "2469"]
[BlackElo "2421"]
[Result "1-0"]
[Round "08"]
[TimeControl "180+2"]
[Date "2022.08.18"]
[WhiteClock "0:00:00"]
[BlackClock "0:00:00"]

1. e4 d5 2. exd5 Qxd5 3. Nc3 Qe5+ 4. Be2 Bg4 5. d4 Bxe2 6. Ngxe2 Qa5 7. O-O Nf6 8. Nf4 Nc6 9. d5 O-O-O 10. Bd2 Ne5 11. Qe2 Ng6 12. Nxg6 hxg6 13. Nb5 Qa6 14. c4 e5 15. Be3 b6 16. a4 Qa5 17. b4 Bxb4 18. Rab1 Bc5 19. Bxc5 bxc5 20. Qxe5 Rhe8 21. Qb2 Ne4 22. Rfe1 a6 23. Na7+ Kd7 24. Nc6 Qxa4 25. Qxg7 Nd6 26. Nxd8 Rxd8 27. Qf6 Qxc4 28. h3 Qxd5 29. Re7+ Kc8 30. Qa1 Qc6 31. Qa5 c4 32. Rc1 Re8 33. Rxe8+ Nxe8 34. Qb4 Nd6 35. Qc3 Qe4 36. Qh8+ Kd7 37. Qc3 Qf4 38. Rd1 Qe4 39. Qb4 Qc6 40. Qc3 Qc5 41. Qf6 Kc6 42. Qf3+ Kd7 43. Qxf7+ Kc8 44. Qxg6 c3 45. Rc1 Nb5 46. h4 Qa3 47. Re1 Qb2 48. Qe8+ Kb7 49. Qe4+ Kb6 50. Re2 Qa1+ 51. Kh2 Qc1 52. h5 c6 53. Qe3+ Qxe3 54. fxe3 1-0


[Site "https://www.chess.com"]

[Event "Titled Tuesday Blitz August 16 Early 2022"]
[White "Winkels, Marcel"]
[Black "Legenia, Artem"]
[WhiteFideId "1003887"]
[BlackFideId "14136945"]
[WhiteElo "1900"]
[BlackElo "1936"]
[Result "0-1"]
[Round "08"]
[TimeControl "180+2"]
[Date "2022.08.18"]
[WhiteClock "0:00:00"]
[BlackClock "0:00:00"]

1. e4 Nf6 2. e5 Nd5 3. d4 d6 4. Nf3 Bf5 5. Be2 e6 6. O-O Be7 7. a3 O-O 8. c4 Nb6 9. Nc3 dxe5 10. Nxe5 N8d7 11. Nf3 Bf6 12. Be3 Qe7 13. b4 Rfd8 14. c5 Nd5 15. Nxd5 exd5 16. Re1 Nf8 17. Bd3 Qd7 18. Qc2 Bxd3 19. Qxd3 h5 20. Bg5 Bxg5 21. Nxg5 Re8 22. Qf3 Rxe1+ 23. Rxe1 Re8 24. Re3 Rxe3 25. Qxe3 Qf5 26. h3 Ne6 27. Nxe6 fxe6 28. Qg3 Qf7 29. Qe5 Kh7 30. b5 g6 31. a4 Qd7 32. Qf6 a6 33. c6 bxc6 34. bxa6 Qc8 35. a7 Kh6 36. Kh2 Kh7 37. Kg3 Kh6 38. Kf4 Qa8 39. Qxe6 Qxa7 40. Qxc6 Qxd4+ 41. Kg3 Qe5+ 42. f4 Qe3+ 43. Kh2 Qxf4+ 44. Kh1 Qe5 45. a5 Qe1+ 46. Kh2 Qxa5 47. Qf6 Qb6 48. Qf8+ Kg5 49. Qd8+ Qf6 50. Qxd5+ Qf5 51. Qd8+ Qf6 52. Qd2+ Qf4+ 0-1


[Site "https://www.chess.com"]

[Event "Titled Tuesday Blitz August 16 Early 2022"]
[White "Yaksin, Oleg"]
[Black "Tarasova, Viktoriya"]
[WhiteFideId "24105880"]
[BlackFideId "4175840"]
[WhiteElo "2256"]
[BlackElo "2182"]
[Result "0-1"]
[Round "08"]
[TimeControl "180+2"]
[Date "2022.08.18"]
[WhiteClock "0:00:00"]
[BlackClock "0:00:00"]

1. d4 Nf6 2. Bg5 d5 3. Bxf6 gxf6 4. e3 Bf5 5. Bd3 Bxd3 6. Qxd3 c6 7. Nd2 e5 8. c3 Nd7 9. Ne2 Bd6 10. Qf5 Qe7 11. O-O-O O-O-O 12. Kb1 Rdg8 13. Ng3 Qe6 14. Qc2 h5 15. Rhg1 h4 16. Nf5 Bf8 17. g4 hxg3 18. hxg3 Rg5 19. g4 Rgg8 20. Rg2 e4 21. Rdg1 Rh3 22. a3 Kb8 23. c4 Rgh8 24. cxd5 cxd5 25. Ka2 Bd6 26. Nf1 Rc8 27. Qb3 Nb6 28. Nxd6 Qxd6 29. g5 f5 30. g6 fxg6 31. Rxg6 Qc7 32. Ng3 f4 33. Nf5 fxe3 34. fxe3 Rh2 35. Nd6 Rd8 36. Nb5 Qc4 37. Rg8 Rh8 38. Rxh8 Rxh8 39. Rg3 Qxb3+ 40. Kxb3 Rd8 41. Nc3 a6 42. Rh3 Ka7 43. Ne2 Nc4 44. Nf4 b5 45. Ne6 Rd7 46. Nc5 Rf7 47. Kc3 Rf3 48. Rxf3 exf3 49. Nd3 Nxe3 50. Nf2 Kb6 51. Kd3 Nc4 52. b3 Nd6 53. Ke3 Ne4 54. Nd3 Ng5 55. Nb4 Kc7 56. Nxd5+ Kd6 57. Nc3 Ke6 58. Kf2 Kf5 59. Kg3 Ne4+ 60. Nxe4 Kxe4 61. d5 Kxd5 62. Kxf3 Kd4 63. Ke2 Kc3 64. b4 Kb3 65. Kd3 Kxa3 66. Kc3 Ka4 0-1


[Site "https://www.chess.com"]

[Event "Titled Tuesday Blitz August 16 Early 2022"]
[White "Yeletsky, Ivan"]
[Black "Sarana, Alexey"]
[WhiteFideId "24180327"]
[BlackFideId "24133795"]
[WhiteElo "2293"]
[BlackElo "2666"]
[Result "0-1"]
[Round "08"]
[TimeControl "180+1"]
[Date "2022.08.16"]
[WhiteClock "0:00:02"]
[BlackClock "0:00:07"]

1. g3 d5 2. Nf3 g6 3. c4 c6 4. Qa4 Nd7 5. cxd5 cxd5 6. Nc3 Nf6 7. Bg2 Bg7 8. O-O O-O 9. d3 Nc5 10. Qh4 Re8 11. Bh6 Bh8 12. Rac1 Ne6 13. Ng5 Nxg5 14. Bxg5 Be6 15. Nb5 Rc8 16. Rxc8 Qxc8 17. Rc1 Qd7 18. Nc7 Rc8 19. Nxe6 Rxc1+ 20. Bxc1 fxe6 21. Qb4 Kf7 22. Be3 b6 23. Bd4 Bg7 24. Qc3 Ne8 25. Bh3 Bxd4 26. Qxd4 Qd6 27. a3 e5 28. Qh4 Nf6 29. Qg5 a5 30. Bg2 Qc7 31. Bf3 e6 32. h4 a4 33. h5 b5 34. h6 Qd6 35. e3 Qc7 36. Kg2 Nd7 37. Qh4 Nc5 38. d4 Nd3 39. Be2 e4 40. Qg5 Qd6 41. g4 Qc7 42. Qh4 Qd6 43. g5 Nxb2 44. Bxb5 Qb8 45. Qg4 Ke7 46. Be2 Qd6 47. Qh4 Nc4 48. Qh1 Qxa3 49. Qb1 Qb3 50. Qc1 a3 51. Bxc4 dxc4 52. d5 a2 53. d6+ Kxd6 54. Qd2+ Kc5 55. Qd4+ Kb4 56. Qb6+ Kc3 57. Qd4+ Kc2 58. Qxe4+ Kc1 59. Qd4 c3 60. e4 a1=Q 61. Qe3+ Kb2 62. Qd4 Qad1 63. Qg7 Qg4+ 64. Kh2 Qh4+ 65. Kg2 Qxg5+ 66. Kh2 Qh4+ 67. Kg2 Qxe4+ 68. Kh2 Qf4+ 69. Kg2 Qd5+ 0-1


[Site "https://www.chess.com"]

[Event "Titled Tuesday Blitz August 16 Early 2022"]
[White "Yurovskykh, Oleksandr"]
[Black "Jaferian, Koosha"]
[WhiteFideId "14134020"]
[BlackFideId "12507440"]
[WhiteElo "2292"]
[BlackElo "2030"]
[Result "0-1"]
[Round "08"]
[TimeControl "180+2"]
[Date "2022.08.18"]
[WhiteClock "0:00:00"]
[BlackClock "0:00:00"]

1. d4 Nf6 2. Nf3 e6 3. Bf4 c5 4. c3 Nc6 5. e3 d5 6. Nbd2 Bd6 7. Bg3 O-O 8. Bb5 Ne7 9. Bd3 Nf5 10. Bxf5 exf5 11. Bxd6 Qxd6 12. dxc5 Qxc5 13. O-O Bd7 14. Nd4 Ne4 15. Nxe4 fxe4 16. Qb3 Bc6 17. Rfd1 Rfd8 18. Rd2 Rac8 19. Rad1 Qd6 20. h3 Qf6 21. Ne2 g5 22. Rd4 h5 23. h4 gxh4 24. Nf4 Qg5 25. Kh2 Rd6 26. c4 dxc4 27. Qxc4 Rxd4 28. Qxd4 a6 29. a3 Re8 30. b4 Re5 31. Qd8+ Qxd8 32. Rxd8+ Kg7 33. Kh3 a5 34. Kxh4 axb4 35. axb4 Rb5 36. Rd4 Kh6 37. Kg3 Rg5+ 38. Kh2 Rb5 39. Kg1 Kg5 40. Ne2 h4 41. Nc3 Re5 42. b5 Bxb5 43. Nxe4+ Kg6 44. Nd6 Bc6 45. Rxh4 b5 46. Rd4 Rc5 47. e4 Kf6 48. f4 Rc2 49. g4 Ke7 50. g5 Rb2 51. Nf5+ Ke8 52. Nd6+ Ke7 53. Nf5+ Ke8 54. Ne3 b4 55. Nd5 b3 56. Nf6+ Ke7 57. Rb4 Kd6 58. Kf1 Kc5 59. Rb8 Bb5+ 60. Ke1 Re2+ 0-1


[Site "https://www.chess.com"]

[Event "Titled Tuesday Blitz August 16 Early 2022"]
[White "Zheenbekov, Nurgazy"]
[Black "Kuchava, Ana"]
[WhiteFideId "13800485"]
[BlackFideId "13605348"]
[WhiteElo "1932"]
[BlackElo "1955"]
[Result "0-1"]
[Round "08"]
[TimeControl "180+2"]
[Date "2022.08.18"]
[WhiteClock "0:00:00"]
[BlackClock "0:00:00"]

1. e4 c5 2. Nf3 d6 3. Bb5+ Bd7 4. Bxd7+ Qxd7 5. O-O Nc6 6. c3 Nf6 7. Qe2 g6 8. d4 cxd4 9. cxd4 d5 10. e5 Ne4 11. Be3 Bg7 12. Ne1 f6 13. exf6 Nxf6 14. Nc3 O-O 15. Nf3 Rae8 16. h3 e5 17. dxe5 Nxe5 18. Nxe5 Rxe5 19. Qd2 Ne4 20. Nxe4 Rxe4 21. Bxa7 Qb5 22. Rad1 d4 23. Rc1 Re2 24. Qd1 Qxb2 25. Rc7 Rexf2 26. Rxg7+ Kh8 27. Rf7 Rxg2+ 0-1


[Site "https://www.chess.com"]

[Event "Titled Tuesday Blitz August 16 Early 2022"]
[White "Ziatdinov, Raset"]
[Black "Navarrete Mendez, Gonzalo Alberto"]
[WhiteFideId "2015323"]
[BlackFideId "5106850"]
[WhiteElo "2220"]
[BlackElo "2261"]
[Result "1-0"]
[Round "08"]
[TimeControl "180+2"]
[Date "2022.08.18"]
[WhiteClock "0:00:00"]
[BlackClock "0:00:00"]

1. e4 e5 2. Nf3 Nc6 3. Bb5 a6 4. Ba4 d6 5. d4 b5 6. Bb3 Nxd4 7. Nxd4 exd4 8. Bd5 Rb8 9. Qxd4 Nf6 10. Bg5 Be7 11. Nc3 Nxd5 12. Qxg7 Rf8 13. Nxd5 Bxg5 14. h4 Be7 15. O-O-O Be6 16. e5 Bxd5 17. Rxd5 c6 18. Rd3 d5 19. Qxh7 Qa5 20. Kb1 Qb4 21. h5 Qg4 22. Rdh3 Qxg2 23. h6 Qg6 24. Qxg6 fxg6 25. h7 Rh8 26. Rg1 Kf7 27. Rh6 Bc5 28. Rgxg6 Rxh7 29. e6+ Ke7 30. Rxh7+ Kd6 31. f4 Rf8 32. Rd7# 1-0


[Site "https://www.chess.com"]

[Event "Titled Tuesday Blitz August 16 Early 2022"]
[White "Zou, Chen"]
[Black "Vovk, Orest"]
[WhiteFideId "8610959"]
[BlackFideId "14113490"]
[WhiteElo "2276"]
[BlackElo "2203"]
[Result "0-1"]
[Round "08"]
[TimeControl "180+1"]
[Date "2022.08.16"]
[WhiteClock "0:00:01"]
[BlackClock "0:00:13"]

1. e4 g5 2. d4 h6 3. Nc3 Bg7 4. h4 g4 5. Be3 d6 6. Qd2 c6 7. f3 Qa5 8. Bd3 Nf6 9. Nge2 Nh5 10. O-O-O gxf3 11. gxf3 b5 12. a3 b4 13. axb4 Qxb4 14. Rhg1 Nd7 15. Kb1 Rb8 16. b3 a5 17. Na2 Qxd2 18. Bxd2 a4 19. b4 c5 20. c3 cxd4 21. cxd4 Bf6 22. f4 e6 23. Bc3 d5 24. e5 Be7 25. Kc2 Nb6 26. Kd2 Nc4+ 27. Bxc4 dxc4 28. d5 exd5 29. Bd4 Bxb4+ 30. Nxb4 Rxb4 31. Rb1 Rb3 32. Ra1 Bd7 33. Rgb1 Rg8 34. Nc1 Rg2+ 35. Ke1 Rh3 36. Rb8+ Ke7 37. Bc5+ Ke6 38. Ne2 Rh1+ 39. Kd2 Rxa1 40. Ke3 Rxe2+ 41. Kxe2 Nxf4+ 42. Ke3 Kxe5 43. Bd4+ Kf5 0-1


[Site "https://www.chess.com"]

[Event "Titled Tuesday Blitz August 16 Early 2022"]
[White "Acosta Cruz, Oscar Yosimar"]
[Black "Averjanov, Alexey"]
[WhiteFideId "5111269"]
[BlackFideId "14109867"]
[WhiteElo "2147"]
[BlackElo "2399"]
[Result "1/2-1/2"]
[Round "09"]
[TimeControl "180+2"]
[Date "2022.08.18"]
[WhiteClock "0:00:00"]
[BlackClock "0:00:00"]

1. b3 b6 2. Bb2 Bb7 3. e3 Nf6 4. Nf3 g6 5. Be2 Bg7 6. O-O O-O 7. c4 c5 8. d4 cxd4 9. exd4 d5 10. Nc3 e6 11. Rc1 Nbd7 12. Qd2 Rc8 13. Rfd1 Qe7 14. Nb5 a6 15. Ba3 Qd8 16. Nd6 Ne4 17. Nxe4 dxe4 18. Bxf8 exf3 19. Bxg7 fxe2 20. Qxe2 Kxg7 21. Rc3 Nf6 22. f3 Qd6 23. Qe5 Rd8 24. Rcd3 b5 25. Kf2 Bc6 26. Ke3 Qb4 27. g4 h6 28. h4 Qd6 29. g5 hxg5 30. hxg5 Qxe5+ 31. dxe5 Rxd3+ 32. Rxd3 Ne8 33. Kd4 bxc4 34. bxc4 Kf8 35. Kc5 Ba4 36. Kb6 Ke7 37. Kxa6 Bc2 38. Rd2 Ba4 39. Kb6 Ng7 40. c5 Nf5 41. c6 Ke8 42. c7 Bd7 43. Kb7 Ne7 44. a4 Bc8+ 45. Kb8 Bd7 46. a5 Nc6+ 47. Ka8 Nxa5 48. Kb8 Nc6+ 49. Kb7 Na5+ 50. Kb8 Nc6+ 51. Kb7 Na5+ 52. Kb8 1/2-1/2


[Site "https://www.chess.com"]

[Event "Titled Tuesday Blitz August 16 Early 2022"]
[White "Ajay, Karthikeyan"]
[Black "Munkhgal, Gombosuren"]
[WhiteFideId "35011685"]
[BlackFideId "4901266"]
[WhiteElo "2168"]
[BlackElo "2576"]
[Result "1-0"]
[Round "09"]
[TimeControl "180+1"]
[Date "2022.08.16"]
[WhiteClock "0:00:04"]
[BlackClock "0:00:24"]

1. e4 e6 2. d4 d5 3. Nc3 Bb4 4. Ne2 Nf6 5. e5 Nfd7 6. a3 Ba5 7. f4 Bb6 8. g3 c5 9. Be3 Nc6 10. Qd2 cxd4 11. Nxd4 Nxd4 12. Bxd4 Bxd4 13. Qxd4 Qb6 14. O-O-O Qxd4 15. Rxd4 a6 16. Bg2 b6 17. Re1 Bb7 18. h4 g6 19. h5 gxh5 20. Rh1 Rg8 21. Ne2 Ke7 22. Rxh5 Rg7 23. c4 Rc8 24. Kb1 Nc5 25. cxd5 Ke8 26. b4 Na4 27. d6 Bc6 28. Bxc6+ Rxc6 29. f5 Kd7 30. f6 Rg8 31. Rxh7 Rf8 32. g4 Nc3+ 33. Nxc3 Rxc3 34. Kb2 Re3 35. g5 Re2+ 36. Kb3 Re3+ 37. Kc2 Rxe5 38. g6 Rf5 39. g7 Rc8+ 40. Kb3 Rxf6 41. Rh8 Rg6 42. Rxc8 Kxc8 43. Rc4+ Kd8 44. Rc6 Rxg7 45. Rxb6 f5 46. Rb8+ Kd7 47. Rb7+ Kxd6 48. Rxg7 f4 49. Kc4 1-0


[Site "https://www.chess.com"]

[Event "Titled Tuesday Blitz August 16 Early 2022"]
[White "Ardila, Oscar Humberto"]
[Black "Langner, Ladislav"]
[WhiteFideId "4404742"]
[BlackFideId "300403"]
[WhiteElo "1939"]
[BlackElo "2346"]
[Result "1-0"]
[Round "09"]
[TimeControl "180+2"]
[Date "2022.08.18"]
[WhiteClock "0:00:00"]
[BlackClock "0:00:00"]

1. d4 Nf6 2. c4 g6 3. Nc3 d5 4. e3 Bg7 5. Nf3 O-O 6. Qb3 dxc4 7. Bxc4 Nfd7 8. O-O c5 9. Rd1 cxd4 10. Nxd4 a6 11. Ne4 Qc7 12. Bd2 Ne5 13. Be2 Nbc6 14. Rac1 Rd8 15. Ng5 e6 16. Nxc6 Nxc6 17. Bf3 Bd7 18. Bc3 Be8 19. Bxg7 Kxg7 20. Qc3+ Qe5 21. Rxd8 Rxd8 22. Qxe5+ Nxe5 23. Bxb7 Rb8 24. Bxa6 Rxb2 25. Ra1 Bc6 26. a4 h6 27. Nh3 g5 28. a5 Ba8 29. Bf1 Nc6 30. a6 Nb4 31. f4 Nc2 32. Rc1 Nxe3 33. fxg5 Nxf1 34. gxh6+ Kxh6 35. Rxf1 Bxg2 36. Rxf7 Bxh3 37. a7 Ra2 38. Re7 Kg6 39. Rc7 Kf5 40. Rh7 Bg4 41. h3 Be2 42. h4 e5 43. h5 Kf6 44. Rh6+ Kf5 45. Rh7 Bf3 46. Rf7+ Kg4 47. h6 Kg3 48. Rg7+ Bg4 49. Kf1 Rf2+ 50. Ke1 Re2+ 51. Kd1 Ra2+ 52. Kc1 Kf4 53. h7 1-0


[Site "https://www.chess.com"]

[Event "Titled Tuesday Blitz August 16 Early 2022"]
[White "Atakhan, Abtin"]
[Black "Pakleza, Zbigniew"]
[WhiteFideId "22502203"]
[BlackFideId "1119290"]
[WhiteElo "2087"]
[BlackElo "2411"]
[Result "0-1"]
[Round "09"]
[TimeControl "180+1"]
[Date "2022.08.16"]
[WhiteClock "0:00:05"]
[BlackClock "0:00:08"]

1. d4 d6 2. Nf3 Bg4 3. g3 Bxf3 4. exf3 e6 5. Bg2 c6 6. f4 g6 7. O-O Bg7 8. c3 Ne7 9. Nd2 O-O 10. Ne4 d5 11. Nd2 Nd7 12. Re1 Re8 13. h4 h5 14. Nf3 c5 15. dxc5 Nxc5 16. Ng5 Rc8 17. Be3 Nf5 18. Bxc5 Rxc5 19. Bh3 d4 20. Bxf5 Rxf5 21. c4 b5 22. Rc1 Qb6 23. Qd3 bxc4 24. Rxc4 Qxb2 25. Rb1 Qxa2 26. Rb7 a5 27. Rcc7 Rf8 28. Re7 Bh6 29. Qxd4 Bxg5 30. hxg5 Rd5 31. Qe4 Rd1+ 32. Kg2 Qd5 33. f3 Qd2+ 34. Kh3 Rh1# 0-1


[Site "https://www.chess.com"]